 Dungeon Crawl Stone Soup version 0.28-a0-1080-g05a166d0ed (webtiles) character file.

Game seed: 523143347272527606

1045 Redcow54321 the Grappler (level 8, -2/58 HPs)
             Began as a Demonspawn Abyssal Knight on Dec 9, 2021.
             Was a Believer of Lugonu.
             Slain by a vampire mosquito (5 damage)
             ... on level 5 of the Dungeon.
             The game lasted 00:09:05 (7397 turns).

Redcow54321 the Grappler (DsAK)                     Turns: 7397, Time: 00:09:06

Health: -2/58      AC: 10    Str: 16    XL:     8   Next: 4%
Magic:  0/9        EV:  4    Int: 11    God:    Lugonu [**....]
Gold:   156        SH:  0    Dex: 14    Spells: 7/7 levels left

rFire   . . .      SeeInvis +     - Unarmed
rCold   . . .      Faith    .   (no shield)
rNeg    . . .      Spirit   +   p - +0 plate armour
rPois   .          Reflect  .   (no helmet)
rElec   .          Harm     .   (no cloak)
rCorr   .          Rampage  .   (no gloves)
Will    .....                   (no boots)
Stlth   ..........              n - amulet of guardian spirit
HPRegen 0.19/turn               f - ring of see invisible
MPRegen 0.11/turn               (no ring)

@: no status effects
A: foul stench 1, powered by pain 1, demonic touch 1
a: Renounce Religion, Depart the Abyss, Bend Space


You were on level 5 of the Dungeon.
You worshipped Lugonu.
Lugonu was pleased with you.
You visited 1 branch of the dungeon, and saw 6 of its levels.
You visited the Abyss 1 time.

You collected 156 gold pieces.

Inventory:

Armour
 a - a +0 leather armour
 p - a +0 plate armour (worn)
Jewellery
 f - a ring of see invisible (left hand)
 g - an amulet of reflection
 n - an amulet of guardian spirit (around neck)
Scrolls
 d - a scroll of enchant weapon {unknown}
 h - 6 scrolls of identify {unknown}
 i - a scroll of amnesia {unknown}
 j - 2 scrolls of enchant armour {unknown}
 k - 2 scrolls of teleportation {unknown}
Potions
 b - a potion of haste {unknown}
 c - a potion of attraction {unknown}
 e - 2 potions of heal wounds
 l - a potion of curing {unknown}
 m - a potion of mutation {unknown}
 o - 2 potions of degeneration {unknown}


   Skills:
 - Level 3.0 Fighting
 - Level 1.7 Armour
 - Level 0.8 Dodging
 + Level 1.7 Shields
 * Level 8.5 Unarmed Combat
 - Level 2.4 Invocations


You had 7 spell levels left.
You didn't know any spells.
Your spell library contained the following spells:

 Spells                   Type           Power      Damage    Failure   Level
 Call Canine Familiar     Summ           0%         N/A       100%        3
 Gell's Gravitas          Tloc           0%         N/A       100%        3
 Portal Projectile        Hex/Tloc       0%         N/A       100%        3
 Teleport Other           Tloc           0%         N/A       100%        3
 Leda's Liquefaction      Hex/Erth       0%         N/A       100%        4
 Dispersal                Tloc           0%         N/A       100%        6


Dungeon Overview and Level Annotations

Branches:
Dungeon (6/15)
 Temple: D:4-7

Altars:

Shops:
D:4 *


Innate Abilities, Weirdness & Mutations

You may rarely emit foul miasma when damaged in melee.
You sometimes gain a little power by taking damage.
Your touch may inflict minor irresistible damage on your foes.


Message History

You emit a cloud of foul miasma!
The vampire mosquito bites you!
The vampire mosquito draws strength from your injuries!
The vampire mosquito bites you but does no damage.
The vampire mosquito barely misses you.
You hit the vampire mosquito.
The vampire mosquito is severely damaged.
The vampire mosquito closely misses you.
The vampire mosquito bites you but does no damage.
The vampire mosquito bites you.
The vampire mosquito draws strength from your injuries!
The vampire mosquito bites you but does no damage. x2
The vampire mosquito bites you but does no damage.
The vampire mosquito bites you!
The vampire mosquito draws strength from your injuries!
The vampire mosquito closely misses you.
The vampire mosquito bites you!
* * * LOW HITPOINT WARNING * * *
The vampire mosquito draws strength from your injuries!
The vampire mosquito bites you but does no damage.
The vampire mosquito barely misses you.
You climb upwards.
There is a stone staircase leading down here.
The vampire mosquito bites you.
* * * LOW HITPOINT WARNING * * *
The vampire mosquito draws strength from your injuries!
The vampire mosquito bites you.
* * * LOW HITPOINT WARNING * * *
The vampire mosquito draws strength from your injuries!
The vampire mosquito completely misses you.
The vampire mosquito barely misses you.
The vampire mosquito bites you but does no damage.
The vampire mosquito bites you but does no damage.
The vampire mosquito bites you.
* * * LOW HITPOINT WARNING * * *
The vampire mosquito draws strength from your injuries!
The vampire mosquito bites you.
* * * LOW HITPOINT WARNING * * *
The vampire mosquito draws strength from your injuries!
The vampire mosquito bites you.
You die...

.....# ######### .....#########
#>......###### #............#
#.#####....... ##.#########.#
##.## #######. #.# #.# ##...## #)
#.# #.#####.###.#########. ##.#
#######.......# #...........
...###........####.###.#########.
#...............@.#...## #.
#.#.#..####..####y##.## #.
#.#.#..####......y##.# ##
#.#.#.........##..##.# #######
#.#.#.#####.#.##..##.# #......
#.#.#.# #.#.##.>##.# #.#####
#.#.#.#####...)......######.#
..............)(.........<..#
###....#........#..#.########


You could see 2 vampire mosquitoes.

Vanquished Creatures
  The ghost of onionknight the Ruffian, a novice TrFi of Qazlal (D:5)
  A sky beast (D:4)
  A necrophage (D:4)
  2 ogres (D:5)
  A kobold brigand (D:5)
  A hound (D:4)
  Jessica (D:3)
  2 iguanas
  3 gnolls
  8 adders
  An adder skeleton (D:5)
  2 worms (D:3)
  3 dart slugs
  5 orcs
  3 ball pythons
  4 bats
  6 endoplasms
  2 giant cockroaches
  11 goblins
  5 hobgoblins
  4 jackals (D:2)
  12 kobolds
  6 quokkas
  7 frilled lizards
  8 rats
100 creatures vanquished.

Vanquished Creatures (others)
  A plant (D:1)
1 creature vanquished.

Grand Total: 101 creatures vanquished

Notes
Turn   | Place    | Note
-------+----------+-------------------------------------------
     0 | Abyss:1  | Redcow54321 the Demonspawn Abyssal Knight began the quest
                  | for the Orb.
     0 | Abyss:1  | Reached XP level 1. HP: 18/18 MP: 2/2
    41 | Abyss:1  | Found a corrupted altar of Lugonu.
   103 | Abyss:1  | Found a corrupted altar of Lugonu.
   140 | Abyss:1  | Noticed a thrashing horror
   145 | D:1      | Escaped the Abyss
   562 | D:1      | Reached skill level 2 in Unarmed Combat
   789 | D:1      | Gained mutation: You may rarely emit foul miasma when
                  | damaged in melee. [demonic ancestry]
   789 | D:1      | Reached XP level 2. HP: 8/24 MP: 3/3
  1366 | D:1      | Reached * piety under Lugonu
  1407 | D:1      | Reached skill level 3 in Unarmed Combat
  1407 | D:1      | Found a faded altar of an unknown god.
  1727 | D:2      | Reached XP level 3. HP: 29/29 MP: 4/4
  2473 | D:1      | Reached XP level 4. HP: 22/35 MP: 5/5
  2605 | D:2      | Reached skill level 4 in Unarmed Combat
  3378 | D:3      | Noticed Jessica
  3386 | D:3      | Killed Jessica
  3388 | D:3      | Reached ** piety under Lugonu
  3713 | D:3      | Gained mutation: You sometimes gain a little power by
                  | taking damage. [demonic ancestry]
  3713 | D:3      | Reached XP level 5. HP: 35/41 MP: 6/6
  4055 | D:3      | Reached skill level 5 in Unarmed Combat
  4392 | D:4      | Noticed a necrophage
  4402 | D:4      | Killed a necrophage
  4403 | D:4      | Reached skill level 1 in Shields
  4403 | D:4      | Reached XP level 6. HP: 35/47 MP: 7/7
  4605 | D:4      | Noticed a sky beast
  4620 | D:4      | Killed a sky beast
  4621 | D:4      | Reached skill level 6 in Unarmed Combat
  4956 | D:4      | Found Vyugegov's Assorted Antiques.
  5806 | D:5      | Entered Level 5 of the Dungeon
  5887 | D:5      | Gained mutation: Your touch may inflict minor irresistible
                  | damage on your foes. [demonic ancestry]
  5887 | D:5      | Reached XP level 7. HP: 52/52 MP: 8/8
  5968 | D:5      | Reached skill level 7 in Unarmed Combat
  6979 | D:5      | Found a runed translucent door.
  6980 | D:5      | Noticed onionknight's ghost (novice TrFi)
  7135 | D:5      | Killed onionknight's ghost
  7136 | D:5      | Reached skill level 8 in Unarmed Combat
  7136 | D:5      | Reached XP level 8. HP: 19/58 MP: 9/9
  7397 | D:5      | Slain by a vampire mosquito

Illustrated notes

Levels and vault maps discovered:
D:1:      noname_arrival_rooms_in_the_neighbourhood, layout_basic,
          dreamdust_ecumenical_altar_grove, minmay_misc_feat_tower
D:2:      layout_rooms, nicolae_elevator_lobby_plus
D:3:      layout_rooms, nicolae_overflow_hidden_temple, hex_medium,
          minmay_ruptured, uniq_jessica
D:4:      layout_layer_cave, serial_shops, nicolae_shop_waterfront
D:5:      layout_loops_ring, gammafunk_ghost_grave, grunt_decor_arrowhead,
          minmay_crystal_water
D:6:      layout_cave_pools, mainiacjoe_overflow_alcove_1,
          mainiacjoe_overflow_24_doors, ebering_ghost_reflecting_pool,
          minmay_misc_feat_chi, uniq_eustachio, uniq_pikel, uniq_sigmund

Skill      XL: |  1  2  3  4  5  6  7 |
---------------+----------------------+-----
Unarmed Combat | 2 3 4 5 6 8 |  8.5
Shields        | 1 |  1.7
Fighting       | |  3.0
Armour         | |  1.7
Dodging        | |  0.8
Invocations    | |  2.4

Action                   |  1- 3 |  4- 6 |  7- 9 || total
-------------------------+-------+-------+-------++-------
Melee: Unarmed           |   196 |   182 |    57 ||   435
       Punch             |     2 |     3 |     1 ||     6
       Touch             |       |       |    13 ||    13
Invok: Depart the Abyss  |     1 |       |       ||     1
  Use: Potion            |       |     1 |       ||     1
 Stab: Sleeping          |     2 |     1 |       ||     3
Armor: Leather armour    |    56 |    28 |     8 ||    92
       Plate armour      |       |       |    15 ||    15
Dodge: Dodged            |   103 |    75 |    23 ||   201
Block: Other             |    27 |    23 |    14 ||    64
       Reflection        |       |     1 |     2 ||     3

Table legend: (Time is in decaauts)
 A = Elapsed time spent in this place.
 B = Non-inter-level travel time spent in this place.
 C = Inter-level travel time spent in this place.
 D = Time resting spent in this place.
 E = Time spent auto-exploring this place.
 F = Levels seen in this place.
 G = Mean time per level.
                   A        B        C        D        E       F      G
               +--------+--------+--------+--------+--------+-----+--------+
         Total |   7366 |   7194 |    172 |   1605 |   4751 |   7 | 1052.3 |
       Dungeon |   7221 |   7049 |    172 |   1605 |   4614 |   6 | 1203.5 |
         Abyss |    145 |    145 |      0 |      0 |    137 |   1 |  145.0 |
               +--------+--------+--------+--------+--------+-----+--------+

Top non-repeatable levels by time:
     D:1: 1854 daAuts
     D:5: 1572 daAuts
     D:4: 1406 daAuts
     D:2: 1300 daAuts
     D:3: 1073 daAuts
 Abyss:1: 145 daAuts
     D:6: 14 daAuts
